 Dungeon Crawl Stone Soup version 0.24-a0-250-g6074511092 (webtiles) character file.

Game seed: 18110359089548563802

75 Hercules1031 the Skirmisher (level 4, 0/36 HPs)
             Began as a Draconian Berserker on Apr 13, 2019.
             Was a Believer of Trog.
             Succumbed to an adder's poison
             ... on level 3 of the Dungeon.
             The game lasted 00:05:50 (1603 turns).

Hercules1031 the Skirmisher (Draconian Berserker)   Turns: 1603, Time: 00:05:50

Health: 0/36       AC:  6    Str: 19 (20) XL:     4   Next: 11%
Magic:  4/4        EV: 10    Int:  8 (9)  God:    Trog [**....]
Gold:   94         SH:  8    Dex: 10 (11) Spells: 3/3 levels left

rFire    . . .     SeeInvis .   a - +0 hand axe
rCold    . . .     Gourm    .   d - +0 shield
rNeg     . . .     Faith    .   (armour unavailable)
rPois    .         Spirit   .   (helmet restricted)
rElec    .         Reflect  .   n - +0 cloak
rCorr    .         Harm     .   (no gloves)
MR       .....     Rnd*Tele +   (no boots)
Stlth    +.........             (no amulet)
HPRegen  0.12/turn              (no ring)
MPRegen  0.09/turn              (no ring)

@: lethally poisoned (0 -> -3)
A: unfitting armour, clever 1, frail 1, teleportitis 1, evolution 1,
cold-blooded, AC +5
a: Berserk, Trog's Hand, Renounce Religion


You were on level 3 of the Dungeon.
You worshipped Trog.
Trog was pleased with you.
You were not hungry.

You visited 1 branch of the dungeon, and saw 3 of its levels.

You collected 94 gold pieces.

Inventory:

Hand Weapons
 a - a +0 hand axe (weapon)
Armour
 d - a +0 shield (worn)
 n - a +0 cloak (worn)
Scrolls
 c - a scroll of fear {unknown}
 e - 2 scrolls of teleportation {unknown}
 h - 2 scrolls of remove curse {unknown}
 i - a scroll of magic mapping {unknown}
 j - a scroll of identify {unknown}
Potions
 k - a potion of curing {unknown}
 l - 2 potions of lignification {unknown}
 m - a potion of agility {unknown}
Comestibles
 b - 2 rations


   Skills:
 + Level 3.9 Fighting
 + Level 3.5 Axes
 + Level 3.2 Dodging
 + Level 1.5 Shields


You had 3 spell levels left.
You didn't know any spells.
Your spell library was empty.

Dungeon Overview and Level Annotations

Branches:
Dungeon (3/15)

Altars:
Okawaru
Qazlal
Ru


Innate Abilities, Weirdness & Mutations

Your plain brown scales are hard. (AC +5)
You cannot fit into any form of body armour.
You are cold-blooded and may be slowed by cold attacks.
Your mind is acute. (Int +2)
You are frail. (-10% HP)
You are occasionally teleported next to monsters.
You evolve.


Message History

It was a potion of mutation.
You feel extremely strange.
You feel genetically stable.
Your toenails lengthen and sharpen.
A pair of horns grows on your head!
You feel sick. The adder bites you.
* * * LOW HITPOINT WARNING * * *
The orc wizard closely misses you.
It was a potion of degeneration.
There was something very wrong with that liquid.
You feel weakened.
You feel dopey.
You feel clumsy. The adder bites you but does no damage.
The orc wizard hits you with a +0 dagger.
* * * LOW HITPOINT WARNING * * *
The adder bites you but does no damage.
Really quaff the potion of mutation?
You feel extremely strange.
You feel genetically unstable. The horns on your head shrink away.
Your talons dull and shrink into feet.
You feel nature experimenting on you.
Don't worry, failures die fast.
You feel weirdly uncertain.
You feel frail.
You feel clever.
You die...

#. .)... .. #.#
#...... ##.
##.##....... ...
.... ...... #..
#..##......
#.#..###..........
.................
#.....<.......
#..@S.........
#.o)....##....
#..........# ###
.............#
###............
#..........##..
#..........# #.#
#....).....# ..


You could see an orc wizard and an adder.

Vanquished Creatures
  An adder (D:2)
  A worm (D:2)
  2 dart slugs (D:1)
  A leopard gecko (D:2)
  2 orcs (D:3)
  15 giant cockroaches
  4 hobgoblins
  5 kobolds
  A quokka (D:3)
  A ball python (D:1)
  3 bats
  6 frilled lizards
  6 goblins
  2 rats (D:1)
50 creatures vanquished.

Notes
Turn   | Place    | Note
-------+----------+-------------------------------------------
     0 | D:1      | Hercules1031 the Draconian Berserker began the quest for
                  | the Orb.
     0 | D:1      | Reached XP level 1. HP: 19/19 MP: 1/1
   186 | D:1      | Reached XP level 2. HP: 22/26 MP: 2/2
   614 | D:1      | Reached skill level 1 in Shields
   747 | D:1      | Reached XP level 3. HP: 33/33 MP: 3/3
   878 | D:2      | Found a sacrificial altar of Ru.
  1152 | D:2      | Reached ** piety under Trog
  1304 | D:2      | Found a stormy altar of Qazlal.
  1420 | D:2      | Found an iron altar of Okawaru.
  1422 | D:2      | Reached XP level 4. HP: 36/40 MP: 4/4
  1601 | D:3      | Gained mutation: You are somewhat resistant to further
                  | mutation. [potion of mutation]
  1601 | D:3      | Gained mutation: You have sharp toenails. [potion of
                  | mutation]
  1601 | D:3      | Gained mutation: You have a pair of small horns on your
                  | head. [potion of mutation]
  1602 | D:3      | HP: 1/40 [orc wizard/+0 dagger (4)]
  1603 | D:3      | Lost mutation: You are somewhat resistant to further
                  | mutation. [potion of mutation]
  1603 | D:3      | Lost mutation: You have a pair of small horns on your head.
                  | [potion of mutation]
  1603 | D:3      | Lost mutation: You have sharp toenails. [potion of
                  | mutation]
  1603 | D:3      | Gained mutation: You evolve. [potion of mutation]
  1603 | D:3      | Gained mutation: You are occasionally teleported next to
                  | monsters. [potion of mutation]
  1603 | D:3      | Gained mutation: You are frail. (-10% HP) [potion of
                  | mutation]
  1603 | D:3      | Gained mutation: Your mind is acute. (Int +2) [potion of
                  | mutation]
  1603 | D:3      | Succumbed to an adder's poison

Levels and vault maps discovered:
D:1:      tarquinn_simple_flora_water_a, layout_basic
D:2:      minmay_roachtagon, layout_loops_cross,
          nicolae_ru_sacrificial_ziggurat, lemuel_doored_altar,
          lemuel_statue_altar
D:3:      layout_rooms, lemuel_angel_altar, uniq_terence, uniq_robin

Skill      XL: |  1  2 |
---------------+-------+-----
Dodging        | 3 |  3.2
Shields        | 1 |  1.5
Fighting       | |  3.9
Axes           | |  3.5

Action                   |  1- 3 |  4- 6 || total
-------------------------+-------+-------++-------
Melee: Hand axe          |   121 |    18 ||   139
       Tailslap          |    10 |     3 ||    13
  Use: Potion            |       |     3 ||     3
 Stab: Sleeping          |     1 |       ||     1
  Eat: Ration            |     1 |       ||     1
Armor: Skin              |    47 |    12 ||    59
Dodge: Dodged            |    61 |    10 ||    71
Block: Shield            |    49 |    20 ||    69

Table legend:
 A = Non-vault XP
 B = Vault XP
 C = Vault XP percentage of total XP
 D = Non-vault monster count
 E = Vault monster count
 F = Vault count percentage of total count
                 A         B        C        D         E       F
            +---------+---------+-------+---------+---------+-------
      Total |      88 |      20 |  18.5 |      40 |      10 |  20.0
            +---------+---------+-------+---------+---------+-------
        D:1 |      41 |       0 |   0.0 |      22 |       0 |   0.0
        D:2 |      37 |      20 |  35.1 |      14 |      10 |  41.7
        D:3 |      10 |       0 |   0.0 |       4 |       0 |   0.0
            +---------+---------+-------+---------+---------+-------
